[Event "European Women Rapid-ch 2023"]
[Site "Monaco"]
[Date "2024.01.13"]
[Round "3.17"]
[White "Garcia Martin, Marta"]
[Black "Hoang, Thanh Trang"]
[Result "1-0"]
[ECO "C02"]
[WhiteElo "2342"]
[BlackElo "2382"]
[Annotator "RC"]
[PlyCount "91"]
[EventDate "2023.12.19"]
[EventType "swiss"]
[EventCountry "MNC"]
[SourceTitle "playchess.com"]
[Source "ChessBase"]
[SourceQuality "1"]
[TimeControl "900+10"]

1. e4 e6 2. d4 d5 3. e5 c5 4. c3 Nc6 5. Nf3 Qb6 6. Bd3 cxd4 7. O-O Bd7 8. Re1 Nge7 9. h4 a6 10. h5 h6 11. Nbd2 Rc8 12. Nb3 dxc3 13. bxc3 Qc7 14. Ba3 Nf5 15. Bxf8 Kxf8 16. Bxf5 exf5 17. Qxd5 Be6 18. Qc5+ Kg8 19. Rac1 Kh7 20. Qe3 Ne7 21. Nfd4 Rhd8 22. Nxe6 fxe6 23. c4 Nc6 24. Nc5 Nd4 25. Nd3 Qa5 26. Nf4 Qxa2 27. Qg3 Kg8 28. Qg6 Re8 29. Re3 Qd2 30. Rf1 Re7 31. g3 Rxc4 32. Rd3 Qb2 33. Rfd1 b5 34. Kg2 a5 35. R1d2 Rc2 36. Rxc2 Qxc2 37. Rxd4 Qc6+ 38. Kh2 Qb6 39. Rd2 b4 40. Rc2 Qa6 41. Rd2 Qc8 42. Rd6 b3 43. Nxe6 b2 44. Qxf5 Rxe6 45. Rxe6 Kh8 46. Rxh6+ 1-0

[Event "European Women Rapid-ch 2023"]
[Site "Monaco"]
[Date "2024.01.13"]
[Round "3.18"]
[White "Iasman, Inna"]
[Black "Daulyte-Cornette, Deimante"]
[Result "0-1"]
[ECO "A50"]
[WhiteElo "1889"]
[BlackElo "2372"]
[Annotator "RC"]
[PlyCount "119"]
[EventDate "2023.12.19"]
[EventType "swiss"]
[EventCountry "MNC"]
[SourceTitle "playchess.com"]
[Source "ChessBase"]
[SourceQuality "1"]
[TimeControl "900+10"]

1. d4 Nf6 2. c4 b6 3. g3 Bb7 4. Nf3 g6 5. Bg2 Bg7 6. O-O O-O 7. Nc3 Ne4 8. Qd3 Nxc3 9. bxc3 Nc6 10. Nd2 e5 11. e3 Re8 12. Ba3 Na5 13. Bxb7 Nxb7 14. e4 exd4 15. cxd4 c5 16. Bb2 cxd4 17. Bxd4 Nc5 18. Qc3 Bxd4 19. Qxd4 Rc8 20. e5 Qc7 21. f4 Ne6 22. Qd5 Qc5+ 23. Qxc5 Nxc5 24. Rfd1 d6 25. exd6 Rcd8 26. Nb3 Ne4 27. c5 bxc5 28. Rac1 Nxd6 29. Nxc5 Nf5 30. Nd7 Kg7 31. Ne5 Rxd1+ 32. Rxd1 Rc8 33. Rd2 Rc7 34. Kf2 h5 35. Kf3 Kf6 36. a3 g5 37. Nd7+ Ke6 38. Ne5 f6 39. Nd3 g4+ 40. Kf2 Rc3 41. a4 a5 42. Nb2 Ra3 43. Re2+ Kd5 44. Rd2+ Kc5 45. Nd3+ Kc4 46. Nb2+ Kc3 47. Rd5 Kxb2 48. Rxf5 Rxa4 49. Rxf6 Rb4 50. Ra6 a4 51. f5 a3 52. f6 a2 53. f7 Rb8 54. Rb6+ Rxb6 55. f8=Q a1=Q 56. Qh8+ Ka2 57. Qg8+ Rb3 58. Qa8+ Kb2 59. Qh8+ Rc3 60. Qb8+ 0-1

[Event "European Women Rapid-ch 2023"]
[Site "Monaco"]
[Date "2024.01.13"]
[Round "3.19"]
[White "Bensdorp-De Labaca, Marlies"]
[Black "Zapata Campos, Lidia Karen"]
[Result "1-0"]
[ECO "E90"]
[WhiteElo "2237"]
[BlackElo "2025"]
[Annotator "RC"]
[PlyCount "143"]
[EventDate "2023.12.19"]
[EventType "swiss"]
[EventCountry "MNC"]
[SourceTitle "playchess.com"]
[Source "ChessBase"]
[SourceQuality "1"]
[TimeControl "900+10"]

1. d4 c5 2. d5 d6 3. c4 g6 4. e4 Bg7 5. Bd3 Nf6 6. Nc3 Nbd7 7. Nf3 O-O 8. h3 Ne5 9. Nxe5 dxe5 10. O-O Ne8 11. Be3 b6 12. Rc1 Nd6 13. a3 Ba6 14. b3 f5 15. exf5 gxf5 16. f3 Qe8 17. Ne2 Rc8 18. Bb1 Rd8 19. Bg5 Rd7 20. Qe1 Qh5 21. Bd2 Rc7 22. Ng3 Qh4 23. Bc3 f4 24. Nh1 Qh5 25. Rf2 Nf5 26. Re2 Nd4 27. Rb2 Bc8 28. Nf2 Bf5 29. Bxd4 exd4 30. Bxf5 Qxf5 31. Re2 Rf7 32. Re4 Bf6 33. Nd3 Bg5 34. Rc2 Rg7 35. Kh1 Rd7 36. Rce2 Rd6 37. Qd2 Rh6 38. Nf2 b5 39. Qd3 bxc4 40. bxc4 Rb6 41. Rxe7 Rb1+ 42. Re1 Qxd3 43. Rxg7+ Kxg7 44. Nxd3 Rb3 45. Nxc5 Rxa3 46. Ne6+ Kf6 47. Nxd4 Bh4 48. Rc1 Ke5 49. Nb5 Ra2 50. Nc3 Ra5 51. Ne4 Be7 52. Kh2 Ra2 53. Nc3 Ra5 54. Nb5 Bc5 55. d6 a6 56. d7 Bb6 57. Na7 Rc5 58. Nc8 Bd8 59. Re1+ Kf5 60. Re8 Bh4 61. Nd6+ Kg6 62. Rg8+ Kh6 63. d8=Q Bxd8 64. Rxd8 Kg7 65. Rd7+ Kg6 66. Ra7 Rc6 67. Ne4 Rxc4 68. Rxa6+ Kg7 69. Ra5 Kg6 70. Rg5+ Kh6 71. Rg4 Rc6 72. Rxf4 1-0

[Event "European Women Rapid-ch 2023"]
[Site "Monaco"]
[Date "2024.01.13"]
[Round "3.20"]
[White "Hejazipour, Mitra"]
[Black "Piddubna, Bozhena"]
[Result "1-0"]
[ECO "E12"]
[WhiteElo "2356"]
[BlackElo "2035"]
[Annotator "RC"]
[PlyCount "79"]
[EventDate "2023.12.19"]
[EventType "swiss"]
[EventCountry "MNC"]
[SourceTitle "playchess.com"]
[Source "ChessBase"]
[SourceQuality "1"]
[TimeControl "900+10"]

1. Nf3 Nf6 2. c4 e6 3. Nc3 b6 4. d4 Bb7 5. a3 Be7 6. d5 O-O 7. e4 exd5 8. cxd5 Re8 9. Bd3 d6 10. O-O Nbd7 11. Nd4 Bf8 12. Bg5 h6 13. Bxf6 Qxf6 14. Bb5 Rad8 15. Nc6 Bxc6 16. Bxc6 Re7 17. Qc2 Ne5 18. Bb5 Ng6 19. Rad1 Re5 20. g3 h5 21. f4 Re7 22. Ne2 Ra8 23. Bc6 Rd8 24. Nd4 a6 25. Nf5 Rde8 26. Bxe8 Rxe8 27. Rfe1 h4 28. Qc3 Qd8 29. Rc1 hxg3 30. hxg3 Qd7 31. Qc6 Qc8 32. Qxc7 Qa8 33. Nxd6 Bxd6 34. Qxd6 b5 35. Rc7 Qb8 36. b4 a5 37. bxa5 b4 38. axb4 Qb5 39. Qd7 Qd3 40. Qxf7+ 1-0

[Event "European Women Rapid-ch 2023"]
[Site "Monaco"]
[Date "2024.01.13"]
[Round "3.21"]
[White "Navrotescu, Andreea"]
[Black "Galvan Cipriani, Viviana"]
[Result "1-0"]
[ECO "A46"]
[WhiteElo "2222"]
[BlackElo "2104"]
[Annotator "TA"]
[PlyCount "81"]
[EventDate "2023.12.19"]
[EventType "swiss"]
[EventCountry "MNC"]
[SourceTitle "playchess.com"]
[Source "ChessBase"]
[SourceQuality "1"]
[TimeControl "900+10"]

1. d4 Nf6 2. Nf3 e6 3. e3 c5 4. Bd3 Nc6 5. O-O Qc7 6. a3 b6 7. b3 Bb7 8. Bb2 {[%emt 0:00:02] White has an edge.} Be7 9. c4 cxd4 10. exd4 d5 11. Nbd2 O-O 12. Rc1 Qf4 13. c5 bxc5 14. dxc5 a5 $1 15. Bb1 (15. Re1 $11) 15... Rfc8 $15 16. Qc2 Qh6 17. Rfe1 Ba6 (17... Nd7 $17 18. Qd1 Nxc5 (18... Bxc5 19. Nc4 $17)) 18. Bc3 (18. Nd4 $11 {remains equal.}) 18... Rab8 (18... Bxc5 19. Bxf6 Bxa3 20. Bb2 $16) 19. Nf1 (19. b4 $17 {keeps fighting.}) 19... Ne4 $19 (19... Bxc5 20. Bxf6 gxf6 21. Qxc5 $11) 20. Ng3 (20. Rxe4 {is a better defense.} dxe4 21. Qxe4 Rxb3 (21... Qxc1 22. Qxh7+ Kf8 23. Qh8#) 22. N1d2 Rxa3 (22... Bxc5 $2 23. Nxb3 Bxa3 24. Bd2 $18) 23. Bb2) 20... Nxc5 (20... Bxc5 21. Nxe4 dxe4 22. Qxe4 $14 (22. Bd2 e3 $11)) (20... Nxc3 $1 $19 {has better winning chances.} 21. Qxc3 Bf6) 21. Bd2 $17 {[%emt 0:00:28] [#] Prevents d4} Bd3 $2 22. Qxc5 $16 {[%emt 0:00:53] White stays focused until the end.} Qg6 (22... Bxc5 $16 23. Bxh6 Bxa3 24. Bxd3 gxh6) 23. Qe3 Bxb1 24. Rxb1 {[%emt 0:00:01] aiming for a4.} Bxa3 25. h4 Rd8 (25... h6 $16 {might work better.} 26. Qf4 d4) 26. h5 $18 Qf6 27. Qe2 (27. h6 $18) 27... Bb4 (27... h6 $16 28. Qd3 Rdc8) 28. Bg5 Nd4 29. Nxd4 Qxd4 (29... Qxg5 30. Nc6 Bxe1) 30. Red1 ({Don't take} 30. Bxd8 Rxd8 31. Red1 Qf4 $18) 30... Qb6 31. Bxd8 Rxd8 32. Rbc1 h6 33. Rc2 Bd6 34. Qd3 Rb8 35. Rdc1 Qxb3 (35... Qb7 $142 36. Ne2 Be5) 36. Rc8+ Bf8 37. Qxb3 Rxb3 38. Ra8 f5 39. Rcc8 Kh7 40. Rxf8 g5 41. Ra7+ {[%emt 0:00:02] Weighted Error Value: White=0.26 (precise) /Black=0.61.  Mistake:       	White=5     	Black=8      Inaccurate:     	White=3     	Black=1      OK:         	White=9     	Black=10     Best:        	White=2     	Black=3      Strong:       	---       	Black=1} 1-0

[Event "European Women Rapid-ch 2023"]
[Site "Monaco"]
[Date "2024.01.13"]
[Round "3.22"]
[White "Bellaiche, Elise"]
[Black "Lazarne Vajda, Szidonia"]
[Result "0-1"]
[ECO "C54"]
[WhiteElo "2012"]
[BlackElo "2283"]
[Annotator "RC"]
[PlyCount "186"]
[EventDate "2023.12.19"]
[EventType "swiss"]
[EventCountry "MNC"]
[SourceTitle "playchess.com"]
[Source "ChessBase"]
[SourceQuality "1"]
[TimeControl "900+10"]

1. e4 e5 2. Nf3 Nc6 3. Bc4 Bc5 4. c3 Nf6 5. d3 a6 6. Bb3 h6 7. Nbd2 O-O 8. O-O d5 9. Qe2 d4 10. Re1 Re8 11. Nf1 Be6 12. Bc2 Qd7 13. Ng3 Rad8 14. Bd2 Kh8 15. a4 b5 16. axb5 axb5 17. Ra6 Bb6 18. Rd1 Ra8 19. Rxa8 Rxa8 20. Bb1 Bb3 21. Rc1 Ra1 22. Bc2 Rxc1+ 23. Bxc1 Bxc2 24. Qxc2 dxc3 25. bxc3 Ng4 26. Be3 Nxe3 27. fxe3 Bxe3+ 28. Kf1 g6 29. Ke2 Bf4 30. Qb3 b4 31. cxb4 Kg7 32. Qc4 Qd6 33. b5 Na5 34. Qa4 Nb7 35. Qa6 Qb6 36. Qxb6 cxb6 37. Nf1 f6 38. Ne3 Bxe3 39. Kxe3 Nd6 40. Nd2 Nxb5 41. Nc4 Nd4 42. Nxb6 h5 43. Nd5 g5 44. h3 Kf7 45. g4 h4 46. Nc3 Ke6 47. Nd1 Kd6 48. Nc3 Nc6 49. Nd5 Ke6 50. Kd2 Nd4 51. Ke3 Nb3 52. Ke2 Na5 53. Ke3 Nc6 54. Kd2 Kf7 55. Ke3 Nd4 56. Nc3 Ne6 57. Nd1 Nf4 58. Nf2 Ke6 59. Kd2 Kd6 60. Kc3 Kc5 61. Kc2 Kd4 62. Kd2 Ne6 63. Nd1 Nc5 64. Nf2 Nb3+ 65. Kc2 Na5 66. Kd2 Nc6 67. Nd1 Nb4 68. Nf2 Kc5 69. Kc3 Nc6 70. Nd1 Nd4 71. Nf2 Nf3 72. Nd1 Ng1 73. Nf2 Ne2+ 74. Kd2 Nf4 75. Kc3 Kb5 76. Kb3 Ne2 77. Kc2 Kb4 78. Kb2 Nf4 79. Kc2 Ne6 80. Kb2 Kc5 81. Kc3 Nf4 82. Kc2 Kd4 83. Kd2 Ne6 84. Nd1 Kc5 85. Kc3 Nd4 86. Nf2 Nb5+ 87. Kc2 Kd4 88. Kd2 Nc7 89. Nd1 Ne6 90. Nf2 Nf4 91. Nd1 Nxd3 92. Ne3 Kxe4 93. Nf5 Nf4 0-1

[Event "European Women Rapid-ch 2023"]
[Site "Monaco"]
[Date "2024.01.13"]
[Round "3.23"]
[White "Caku, Kler"]
[Black "Gaprindashvili, Nona"]
[Result "0-1"]
[ECO "B00"]
[WhiteElo "1744"]
[BlackElo "2243"]
[Annotator "RC"]
[PlyCount "170"]
[EventDate "2023.12.19"]
[EventType "swiss"]
[EventCountry "MNC"]
[SourceTitle "playchess.com"]
[Source "ChessBase"]
[SourceQuality "1"]
[TimeControl "900+10"]

1. e4 b6 2. d4 Bb7 3. Nc3 e6 4. Nf3 Bb4 5. Bd3 Nf6 6. Qe2 d5 7. e5 Ne4 8. Bd2 Nxd2 9. Nxd2 c5 10. Qg4 O-O 11. a3 Bxc3 12. bxc3 c4 13. Be2 f5 14. Qf3 Nc6 15. h4 b5 16. h5 a5 17. Rb1 b4 18. cxb4 axb4 19. axb4 Nxd4 20. Qc3 Qb6 21. Nf3 Nb5 22. Qe3 d4 23. Qg5 Bd5 24. h6 g6 25. Nh4 Qd8 26. Qg3 Qe7 27. Bh5 Kh8 28. Qxg6 Na3 29. Rc1 Nxc2+ 30. Kf1 d3 31. Qg7+ Qxg7 32. hxg7+ Kxg7 33. Kg1 Nxb4 34. Kh2 Ra2 35. f4 Nc2 36. Bd1 Ne3 37. Bf3 Bxf3 38. Nxf3 Rxg2+ 39. Kh3 Rf2 40. Nd4 Kf7 41. Kg3 Rb2 42. Rxh7+ Kg6 43. Rch1 Ng4 44. Nxe6 Rf7 45. Rh8 Re7 46. Nf8+ Kf7 47. e6+ Kf6 48. Nd7+ Kxe6 49. Nc5+ Kd5 50. Na4 Re3+ 51. Kh4 Rh2+ 52. Rxh2 Nxh2 53. Rd8+ Ke4 54. Nc3+ Kf3 55. Kh3 Ng4 56. Kh4 Re1 57. Kg5 Rc1 58. Nb5 Ne3 59. Nd4+ Kf2 60. Nb5 Rg1+ 61. Kf6 Kf3 62. Ke5 Rb1 63. Nc3 Rc1 64. Nb5 Rb1 65. Nc3 Rb3 66. Na2 Kf2 67. Nc1 Rc3 68. Na2 Rc2 69. Nb4 Rc1 70. Nxd3+ cxd3 71. Rxd3 Kf3 72. Rd4 Rc5+ 73. Kf6 Kg4 74. Ra4 Rc6+ 75. Ke5 Ng2 76. Rb4 Rc5+ 77. Kd4 Rc8 78. Kd3 Rd8+ 79. Ke2 Nxf4+ 80. Ke3 Rd3+ 81. Kf2 Rf3+ 82. Kg1 Rc3 83. Rb1 Kg3 84. Ra1 Nd3 85. Rb1 Rc1+ 0-1

[Event "European Women Rapid-ch 2023"]
[Site "Monaco"]
[Date "2024.01.13"]
[Round "3.24"]
[White "Stangl, Anita"]
[Black "Dornbusch, Tatiana"]
[Result "0-1"]
[ECO "B02"]
[WhiteElo "2055"]
[BlackElo "2218"]
[Annotator "RC"]
[PlyCount "122"]
[EventDate "2023.12.19"]
[EventType "swiss"]
[EventCountry "MNC"]
[SourceTitle "playchess.com"]
[Source "ChessBase"]
[SourceQuality "1"]
[TimeControl "900+10"]

1. e4 Nf6 2. Nc3 d5 3. e5 d4 4. exf6 dxc3 5. fxg7 cxd2+ 6. Qxd2 Qxd2+ 7. Bxd2 Bxg7 8. c3 Bf5 9. Nf3 Nd7 10. Nh4 Be6 11. Be2 O-O-O 12. Be3 a6 13. Nf3 Rhg8 14. Ng5 Bd5 15. Bf3 Bc4 16. Be2 Ne5 17. Bd4 Bd5 18. f3 Nd3+ 19. Bxd3 Bxd4 20. Nh3 Be5 21. Bf1 Rg6 22. Nf2 Re6 23. O-O-O Bxa2 24. Rxd8+ Kxd8 25. Ne4 Bd5 26. Bd3 Bf4+ 27. Kc2 a5 28. g3 Bh6 29. Ra1 b6 30. c4 Bc6 31. g4 Bf4 32. h4 h6 33. Rg1 Rg6 34. Nc3 Rg8 35. Be4 Bxe4+ 36. fxe4 Be5 37. Nd5 e6 38. Nc3 Ke7 39. b3 Bf6 40. h5 Bd4 41. Rg2 Bxc3 42. Kxc3 Kd6 43. Kd3 Ke5 44. Ke3 f5 45. exf5 exf5 46. g5 Rxg5 47. Rh2 Rg3+ 48. Kd2 Rxb3 49. Re2+ Kd4 50. Re7 Kxc4 51. Rxc7+ Kb4 52. Rh7 b5 53. Rxh6 Rh3 54. Kc2 a4 55. Rh8 Rh2+ 56. Kd3 Kb3 57. h6 a3 58. h7 b4 59. Rf8 Rxh7 60. Rxf5 Rd7+ 61. Ke2 Kb2 0-1

[Event "European Women Rapid-ch 2023"]
[Site "Monaco"]
[Date "2024.01.13"]
[Round "3.25"]
[White "Agrest, Inna"]
[Black "Nicoara, Malina"]
[Result "1-0"]
[ECO "B37"]
[WhiteElo "2287"]
[BlackElo "2054"]
[Annotator "TA"]
[PlyCount "69"]
[EventDate "2023.12.19"]
[EventType "swiss"]
[EventCountry "MNC"]
[SourceTitle "playchess.com"]
[Source "ChessBase"]
[SourceQuality "1"]
[TimeControl "900+10"]

1. e4 c5 2. Nf3 Nc6 3. d4 cxd4 4. Nxd4 g6 5. c4 Bg7 6. Nc2 d6 7. Be2 Nf6 8. Nc3 O-O 9. O-O a5 (9... Nd7 $11) 10. Rb1 Nd7 11. Ne3 Nc5 {[%emt 0:00:21] The position is equal.} 12. f3 a4 13. Bd2 Nd4 14. Kh1 e5 15. b4 axb3 16. axb3 Bd7 17. b4 Nce6 18. Ned5 Kh8 19. Bd3 Bc6 20. Be3 f5 21. Ra1 Rxa1 22. Qxa1 f4 23. Bf2 Qa8 24. Nb6 Qd8 25. Qa7 Rf7 (25... g5 $11 {keeps the balance.}) 26. Ra1 Bf6 (26... g5 $14 {is superior.}) 27. b5 (27. Ne2 $16) 27... Be8 28. Ncd5 {[%emt 0:00:09] Black must now prevent Nxf6.} Bh4 {[%emt 0:00:49] [#] This costs Black the game.} (28... Nb3 $16 {might work better.}) 29. Bxh4 $1 $18 Qxh4 30. Qb8 $1 Nd8 $2 (30... Kg7 31. Qxd6 (31. Qxe8 Nc5 $18) 31... Qh5) 31. Qxd6 {[%emt 0:00:12] White is clearly winning.} Qg5 32. Ra8 N4e6 33. h3 Kg7 34. c5 h5 35. Bc4 {[%emt 0:00:06] Weighted Error Value: White=0.11 (very precise) /Black=0.43.  Loses game:     	---       	Black=1      Mistake:       	White=1     	Black=3      Inaccurate:     	White=1     	---        OK:         	White=8     	Black=6      Best:        	White=1     	Black=1      Strong:       	White=1     	---} 1-0

[Event "European Women Rapid-ch 2023"]
[Site "Monaco"]
[Date "2024.01.13"]
[Round "3.26"]
[White "Calzetta Ruiz, Monica"]
[Black "Jimenez Fernandez, Rebeca"]
[Result "1/2-1/2"]
[ECO "B13"]
[WhiteElo "2241"]
[BlackElo "2051"]
[Annotator "TA"]
[PlyCount "125"]
[EventDate "2023.12.19"]
[EventType "swiss"]
[EventCountry "MNC"]
[SourceTitle "playchess.com"]
[Source "ChessBase"]
[SourceQuality "1"]
[TimeControl "900+10"]

1. e4 c6 2. d4 d5 3. exd5 cxd5 4. c4 Nf6 5. Nc3 Nc6 6. Bg5 dxc4 7. Bxc4 h6 8. Bh4 a6 9. Nf3 g5 10. Bg3 Bg7 11. O-O O-O 12. d5 Nb8 (12... Na5 $14 13. Bd3 Bg4 (13... Nxd5 $2 14. Nxd5 f5 15. Bxf5 $18)) 13. Re1 $16 Nbd7 14. Rc1 b5 15. Bb3 Bb7 16. d6 e6 17. Nd4 (17. Ne5 $14) 17... Nc5 (17... Qb6 $11 {hält das Gleichgewicht.}) 18. Bc2 (18. Nd5 $1 $16 {[%cal Rd5e7] Ne7+ wäre nun fies.} Nxd5 19. Bxd5 (19. Rxc5 Qb6 $16) 19... Bxd5 20. Rxc5) 18... b4 $2 (18... Rc8 $11) 19. Na4 $18 Nxa4 20. Bxa4 Qb6 21. Be5 Rfd8 $2 (21... Rac8 $16 {ist eine bessere Verteidigung.}) 22. Nc6 Bxc6 23. Rxc6 (23. Bxc6 Rac8 24. Ba4 Rxc1 25. Qxc1 Nd5 $14) 23... Qa5 24. Bb3 Qb5 (24... Ne8 $142) 25. Qf3 $2 {[%emt 0:00:11] [#]} (25. Rc7 $18 Rf8 26. Qd4) 25... Nd5 $2 (25... g4 $1 $17 {[%cal Rg4f3] und es läuft.} 26. Qf4 (26. a4 $2 Qxe5 27. Qd1 Qf5 $19) 26... Qxc6 27. Bxf6 Bxf6 (27... Rxd6 28. Qxg4 Kf8 29. Qxg7+ Ke8 30. Rxe6+ Rxe6 31. Qg8+ Kd7 32. Qxf7+ Kd6 33. Qxe6+) 28. Qxf6 Qxd6 (28... Rxd6 29. Qxh6 Rad8 30. Qg5+ Kf8 31. Qh6+ Ke8 32. Rc1 $11)) 26. Bxg7 (26. Rcc1 {ist interessant.} Rac8 27. Rxc8 Rxc8 28. h4) 26... Kxg7 27. Bxd5 Qxd5 28. Qxd5 exd5 29. Re7 ({Günstiger ist} 29. Rd1 $16) 29... Rac8 {[%emt 0:00:40] [#]} (29... Kf6 $14) 30. Rcc7 (30. Rxa6 $2 {ist ein Selbstmatt.} Rc1+) (30. Rec7 $1 $16 Rxc7 31. dxc7) 30... Rxc7 $11 31. dxc7 Rc8 32. Rd7 Kf6 33. Rxd5 Rxc7 34. g4 Ke6 35. Ra5 Rc6 36. Kg2 Kd7 (36... b3 $5) 37. b3 Kc7 38. Ra4 Rb6 39. Kf3 Kb7 40. Ra5 Rc6 41. Ke4 Kb6 42. Rf5 f6 (42... Rc2 $11) 43. f4 a5 44. Rd5 (44. Kd4 $16) 44... gxf4 45. Kxf4 Rc2 46. Rd6+ Kc5 47. Rxf6 Rxh2 48. Rf5+ Kb6 49. Rh5 Rxa2 50. Rxh6+ Kc5 51. g5 Kd4 52. Rh3 a4 53. bxa4 Rxa4 54. g6 Ra8 55. Kf5 (55. g7 $5 Rg8 $8 56. Rg3 $11) 55... Kc4 56. g7 Rg8 57. Kf6 b3 58. Kf7 Rxg7+ 59. Kxg7 b2 60. Rh1 Kc3 61. Kf6 Kc2 62. Ke5 b1=Q 63. Rxb1 1/2-1/2

[Event "European Women Rapid-ch 2023"]
[Site "Monaco"]
[Date "2024.01.13"]
[Round "3.27"]
[White "Bacrot, Nathalie"]
[Black "Krasteva, Beloslava"]
[Result "0-1"]
[ECO "A36"]
[WhiteElo "1968"]
[BlackElo "2251"]
[Annotator "RC"]
[PlyCount "94"]
[EventDate "2023.12.19"]
[EventType "swiss"]
[EventCountry "MNC"]
[SourceTitle "playchess.com"]
[Source "ChessBase"]
[SourceQuality "1"]
[TimeControl "900+10"]

1. Nf3 c5 2. g3 Nc6 3. Bg2 g6 4. c4 Bg7 5. O-O e6 6. e4 Nge7 7. Nc3 O-O 8. d3 d6 9. Be3 Nd4 10. Qd2 Re8 11. h4 Qd7 12. h5 b6 13. hxg6 hxg6 14. Ng5 Bb7 15. Ne2 Nec6 16. Nf4 Ne5 17. Qd1 Qe7 18. Ne2 f6 19. Nxd4 cxd4 20. Nxe6 dxe3 21. Nxg7 exf2+ 22. Rxf2 Kxg7 23. b3 Bc8 24. d4 Ng4 25. Re2 Bb7 26. Qe1 f5 27. Bf3 Qd7 28. Bxg4 fxg4 29. Qc3 Rxe4 30. d5+ Re5 31. Rxe5 dxe5 32. Qxe5+ Kg8 33. Re1 Rf8 34. Qe2 Qf5 35. Qe6+ Qxe6 36. Rxe6 Kf7 37. Kf2 Rh8 38. Rd6 Re8 39. b4 Bc8 40. c5 b5 41. Rc6 a6 42. Rc7+ Kf6 43. Rc6+ Ke5 44. d6 Kd5 45. Rc7 Bf5 46. Ra7 Rf8 47. Rxa6 Bc8+ 0-1

[Event "European Women Rapid-ch 2023"]
[Site "Monaco"]
[Date "2024.01.13"]
[Round "4.1"]
[White "Guichard, Pauline"]
[Black "Kosteniuk, Alexandra"]
[Result "1/2-1/2"]
[ECO "E44"]
[WhiteElo "2385"]
[BlackElo "2501"]
[Annotator "RC"]
[PlyCount "84"]
[EventDate "2023.12.19"]
[EventType "swiss"]
[EventCountry "MNC"]
[SourceTitle "playchess.com"]
[Source "ChessBase"]
[SourceQuality "1"]
[TimeControl "900+10"]

1. d4 Nf6 2. c4 e6 3. Nc3 Bb4 4. e3 b6 5. Nge2 Ne4 6. Qc2 Bb7 7. d5 exd5 8. cxd5 Bxd5 9. Bd2 Nxc3 10. Nxc3 Bb7 11. Bd3 Qh4 12. O-O-O Nc6 13. g3 Qh5 14. Kb1 O-O-O 15. Be4 d5 16. g4 Qe5 17. f4 Qe8 18. Nxd5 Kb8 19. Nxc7 Rxd2 20. Rxd2 Kxc7 21. Rd5 Bc5 22. Rhd1 Qe7 23. Bf5 Kb8 24. Rd7 Qxe3 25. Be4 Re8 26. Bh1 Qxf4 27. a3 Bc8 28. Bxc6 Bxd7 29. Bxd7 Rd8 30. Bf5 Rxd1+ 31. Qxd1 Bd4 32. Qa4 Qe5 33. Qd7 a5 34. Qd8+ Ka7 35. Bc8 Qe4+ 36. Ka2 Qc6 37. Qe7+ Kb8 38. Bf5 Qc4+ 39. Kb1 Qf1+ 40. Ka2 Qc4+ 41. Kb1 Qf1+ 42. Ka2 Qc4+ 1/2-1/2

[Event "European Women Rapid-ch 2023"]
[Site "Monaco"]
[Date "2024.01.13"]
[Round "4.2"]
[White "Khademalsharieh, Sarasadat"]
[Black "Zimina, Olga"]
[Result "1-0"]
[ECO "D10"]
[WhiteElo "2486"]
[BlackElo "2291"]
[Annotator "RC"]
[PlyCount "77"]
[EventDate "2023.12.19"]
[EventType "swiss"]
[EventCountry "MNC"]
[SourceTitle "playchess.com"]
[Source "ChessBase"]
[SourceQuality "1"]
[TimeControl "900+10"]

1. d4 d5 2. c4 c6 3. cxd5 cxd5 4. Nc3 Nc6 5. Bf4 Nf6 6. e3 Bf5 7. Be2 Qb6 8. Qb3 e6 9. Nf3 Qxb3 10. axb3 Nh5 11. Be5 f6 12. Bg3 Nxg3 13. hxg3 O-O-O 14. Bb5 Kb8 15. Bxc6 bxc6 16. Kd2 g5 17. Ra6 Rc8 18. Ne1 Kb7 19. Ra4 c5 20. Nd3 cxd4 21. exd4 h5 22. Rha1 Ra8 23. Nc5+ Bxc5 24. dxc5 a6 25. Rb4+ Kc7 26. Na4 h4 27. g4 Bg6 28. Rb6 Bf7 29. Nc3 Rhb8 30. Raxa6 Rxa6 31. Rxa6 Bg8 32. Kc2 Bh7+ 33. Kc1 Rxb3 34. Rxe6 d4 35. Nd5+ Kd7 36. Ra6 Bd3 37. Rd6+ Kc8 38. c6 Ba6 39. c7 1-0

[Event "European Women Rapid-ch 2023"]
[Site "Monaco"]
[Date "2024.01.13"]
[Round "4.3"]
[White "Hrebenshchykova, Yelyzaveta"]
[Black "Batsiashvili, Nino"]
[Result "0-1"]
[ECO "B01"]
[WhiteElo "2275"]
[BlackElo "2451"]
[Annotator "RC"]
[PlyCount "85"]
[EventDate "2023.12.19"]
[EventType "swiss"]
[EventCountry "MNC"]
[SourceTitle "playchess.com"]
[Source "ChessBase"]
[SourceQuality "1"]
[TimeControl "900+10"]

1. e4 d5 2. exd5 Qxd5 3. Nc3 Qa5 4. Bc4 Nf6 5. d3 Bg4 6. f3 Bh5 7. Qe2 e6 8. g4 Bg6 9. h4 h6 10. Bd2 Bb4 11. O-O-O Nc6 12. a3 Bxc3 13. Bxc3 Qb6 14. Nh3 Nd4 15. Qg2 O-O-O 16. Nf4 Nd5 17. Bxd5 exd5 18. h5 Bh7 19. Rhe1 Nb5 20. Bxg7 Rhg8 21. Be5 f6 22. Bc3 Nxc3 23. bxc3 Qd6 24. Ne6 Rde8 25. Nd4 Qxa3+ 26. Kd2 Qd6 27. Kc1 f5 28. Rxe8+ Rxe8 29. gxf5 Bxf5 30. Nxf5 Qf4+ 31. Kb2 Qxf5 32. Qg4 Rf8 33. Re1 Qxg4 34. fxg4 Kd7 35. Kc1 Kd6 36. d4 Rg8 37. Rg1 a5 38. Kd2 a4 39. Ke3 Ke6 40. Kf4 Kf6 41. Re1 a3 42. Ra1 Ra8 43. g5+ 0-1

[Event "European Women Rapid-ch 2023"]
[Site "Monaco"]
[Date "2024.01.13"]
[Round "4.4"]
[White "Salimova, Nurgyul"]
[Black "Osmak, Yuliia"]
[Result "1/2-1/2"]
[ECO "D03"]
[WhiteElo "2426"]
[BlackElo "2450"]
[Annotator "RC"]
[PlyCount "158"]
[EventDate "2023.12.19"]
[EventType "swiss"]
[EventCountry "MNC"]
[SourceTitle "playchess.com"]
[Source "ChessBase"]
[SourceQuality "1"]
[TimeControl "900+10"]

1. d4 Nf6 2. Nf3 e6 3. Bg5 d5 4. e3 Be7 5. Nbd2 O-O 6. Bd3 c5 7. c3 b6 8. Qe2 Bb7 9. O-O Nbd7 10. a4 Qc7 11. e4 dxe4 12. Nxe4 Rfe8 13. Rad1 h6 14. Bc1 Nxe4 15. Bxe4 Bxe4 16. Qxe4 Nf6 17. Qe2 Rad8 18. g3 Qc6 19. dxc5 bxc5 20. a5 Qa4 21. a6 Nd5 22. Ne5 Rd6 23. Rfe1 Red8 24. Qh5 Qe8 25. Ng4 f5 26. Qxe8+ Rxe8 27. Ne3 Red8 28. Nxd5 Rxd5 29. Rxd5 Rxd5 30. Bf4 Kf7 31. Bb8 Rd8 32. Bc7 Rc8 33. Be5 Rc6 34. Rd1 Rxa6 35. Rd7 Ke8 36. Rb7 g5 37. Kg2 Rb6 38. Rxa7 Rxb2 39. Ra8+ Kf7 40. Rh8 Re2 41. Rh7+ Kf8 42. Rh8+ Kf7 43. Rh7+ Ke8 44. Bg7 Rc2 45. Rxh6 Kd7 46. h4 gxh4 47. gxh4 c4 48. Bd4 Bd6 49. h5 e5 50. Bb6 Rxc3 51. Rg6 Rb3 52. Ba7 c3 53. h6 Rb4 54. Kh3 c2 55. Be3 Rb3 56. Rg1 f4 57. h7 fxe3 58. Rg7+ Be7 59. h8=Q c1=Q 60. Rxe7+ Kxe7 61. Qxe5+ Kd7 62. Qd5+ Kc7 63. Qf7+ Kd6 64. Qxb3 Qf1+ 65. Kg4 Qg2+ 66. Kf4 exf2 67. Qb6+ Kd7 68. Qa7+ Ke8 69. Qb8+ Kf7 70. Qc7+ Kg6 71. Qd6+ Kh7 72. Qc7+ Kh6 73. Qb6+ Kh7 74. Qc7+ Kh8 75. Qd8+ Kg7 76. Qc7+ Kg6 77. Qd6+ Kg7 78. Qc7+ Kh6 79. Qb6+ Kh7 1/2-1/2